 Dungeon Crawl Stone Soup version 0.28.0-49-g6dfe1f597d (webtiles) character file.

Game seed: 3056044399758439070

437 Zeld the Insei (level 7, -4/45 HPs)
             Began as an Octopode Transmuter on May 11, 2022.
             Was an Initiate of Gozag.
             Slain by a river rat (6 damage)
             ... in a sewer.
             The game lasted 00:05:00 (6697 turns).

Zeld the Insei (Octopode Transmuter)                Turns: 6697, Time: 00:05:00

Health: -4/45      AC:  1    Str: 11    XL:     7   Next: 1%
Magic:  12/12      EV: 13    Int: 15    God:    Gozag
Gold:   246        SH:  0    Dex: 13    Spells: 3/13 levels left

rFire   . . .      SeeInvis .     - Unarmed
rCold   . . .      Faith    .   (no shield)
rNeg    . . .      Spirit   .   (helmet restricted)
rPois   .          Reflect  .   (no amulet)
rElec   .          Harm     .   (no ring)
rCorr   .          Rampage  .   (no ring)
Will    .....                   (no ring)
Stlth   ++++......              (no ring)
HPRegen 0.15/turn               (no ring)
MPRegen 0.13/turn               (no ring)
                                (no ring)
                                (no ring)

@: gold aura
A: almost no armour, amphibious, 8 rings, camouflage 1, gelatinous body 1,
nimble swimmer 1, tentacles
a: Renounce Religion, Potion Petition, Call Merchant, Bribe Branch


You were in a sewer.
You worshipped Gozag.
Gozag was aware of your devotion.
You visited 2 branches of the dungeon, and saw 6 of its levels.
You also visited: Sewer.

You collected 293 gold pieces.
You paid 47 gold pieces to Gozag.

Inventory:

Wands
 j - a wand of flame (46)
 o - a wand of acid (8)
Scrolls
 a - 2 scrolls of immolation {unknown}
 b - 4 scrolls of identify {unknown}
 e - a scroll of vulnerability {unknown}
 f - a scroll of enchant armour {unknown}
 g - a scroll of silence {unknown}
 h - 2 scrolls of enchant weapon {unknown}
 i - 3 scrolls of noise {unknown}
 m - a scroll of teleportation {unknown}
 n - a scroll of fear {unknown}
 p - a scroll of amnesia {unknown}
Potions
 c - 2 potions of heal wounds {unknown}
 d - a potion of invisibility {unknown}
 k - a potion of brilliance {unknown}
 l - a potion of ambrosia {unknown}


   Skills:
 * Level 2.9 Fighting
 + Level 2.8 Dodging
 + Level 2.7 Stealth
 + Level 3.5 Unarmed Combat
 * Level 3.5 Spellcasting
 * Level 3.4 Transmutations
 + Level 1.6 Ice Magic
 - Level 2.0 Poison Magic


You had 3 spell levels left.
You knew the following spells:

 Your Spells              Type           Power      Damage    Failure   Level
a - Beastly Appendage     Tmut           24%        N/A       4%          1
b - Wereblood             Tmut           12%        N/A       7%          2
c - Spider Form           Tmut/Pois      10%        N/A       19%         3
d - Ice Form              Ice/Tmut       10%        N/A       54%         4

Your spell library contained the following spells:

 Spells                   Type           Power      Damage    Failure   Level
 Ignite Poison            Fire/Tmut/Pois 8%         N/A       26%         3
 Mephitic Cloud           Conj/Pois/Air  4%         N/A       41%         3
 Freezing Cloud           Conj/Ice/Air   2%         6-21      99%         5


Dungeon Overview and Level Annotations

Branches:
Dungeon (5/15)             Temple (1/1) D:4           Sewer (1/1)

Altars:
Ashenzari
Cheibriados
Dithmenos
Elyvilon
Fedhas
Gozag
Hepliaklqana
Kikubaaqudgha
Makhleb
Nemelex Xobeh
Okawaru
Qazlal
Ru
Sif Muna
Trog
Uskayaw
Vehumet
Xom
Yredelemnul
Zin
The Shining One

Portals:
Abyss: D:4

Annotations:
D:4 2 transporters, RatsInWalls's ghost, amateur VSTm


Innate Abilities, Weirdness & Mutations

You cannot wear most types of armour.
You are amphibious.
You can wear up to eight rings at the same time.
Your skin changes colour to match your surroundings (Stealth+).
Your rubbery body absorbs attacks. (AC +1, EV +1)
You are camouflaged when in or above water. (Stealth+)
You have tentacles for arms and can constrict up to eight enemies at once.


Message History

The river rat barely misses you. x2
You closely miss the river rat. You grab the river rat.
The river rat is moderately wounded.
You constrict the river rat, but do no damage.
You constrict the river rat.
The river rat struggles to escape constriction.
You tentacle-slap the river rat but do no damage.
You pierce the river rat.
You squeeze the river rat, but do no damage.
The river rat is almost dead.
You constrict the river rat, but do no damage.
You constrict the river rat.
The river rat escapes!
The river rat barely misses you.
You tentacle-slap the river rat but do no damage.
Your grab misses the river rat.
You pierce the river rat, but do no damage.
The river rat is almost dead.
You constrict the river rat. The river rat closely misses you.
The river rat twitches its whiskers.
The river rat bites you! The river rat bites you.
* * * LOW HITPOINT WARNING * * *
You barely miss the river rat. Your grab misses the river rat.
You pierce the river rat.
The river rat is almost dead.
You constrict the river rat.
You kill the river rat!
The river rat misses you. The river rat closely misses you.
Unknown command.
You closely miss the river rat. You grab the river rat.
You pierce the river rat.
You kill the river rat!
The river rat bites you.
* * * LOW HITPOINT WARNING * * *
You have reached level 7!
You tentacle-slap the river rat. You grab the river rat.
The river rat is moderately wounded.
Your tentacle spike disappears.
You constrict the river rat. The river rat bites you.
You die...
Your body crumbles into a pile of gold.

#.≈# #.≈≈# #≈≈#
#.≈≈#
≈≈≈####≈≈####≈≈.#
≈≈≈≈≈≈≈≈≈≈≈≈≈≈≈≈#
≈≈≈≈≈≈≈≈≈≈r≈≈≈≈≈#
≈≈≈≈≈.≈..≈.≈≈≈.≈#
#############≈≈≈#
#$r≈# #@$≈# #≈≈≈#
#≈≈≈# #≈≈≈# #≈≈≈#
#≈≈≈# #≈≈≈# #≈≈≈#


You could see a river rat.

Vanquished Creatures
  3 hounds (D:5)
  A gnoll shaman (D:3)
  2 centaur skeletons
  2 orc priests
  3 gnolls (D:4)
  7 adders
  3 river rats (Sewer)
  An adder skeleton (D:4)
  2 dart slugs
  5 orcs
  5 ball pythons
  7 bats
  8 endoplasms
  4 giant cockroaches
  A hobgoblin (D:4)
  3 jackals
  6 kobolds
  5 quokkas (Sewer)
  4 frilled lizards
  5 goblins
  7 rats
84 creatures vanquished.

Notes
Turn   | Place    | Note
-------+----------+-------------------------------------------
     0 | D:1      | Zeld the Octopode Transmuter began the quest for the Orb.
     0 | D:1      | Reached XP level 1. HP: 13/13 MP: 3/3
   225 | D:1      | Reached XP level 2. HP: 16/18 MP: 3/5
   430 | D:1      | Reached skill level 1 in Stealth
   709 | D:1      | You fall into a shaft and drop 1 floor!
   727 | D:2      | Reached XP level 3. HP: 23/23 MP: 4/6
   730 | D:2      | Learned a level 2 spell: Wereblood
   734 | D:2      | Learned a level 3 spell: Spider Form
  1560 | D:1      | Reached skill level 1 in Poison Magic
  2084 | D:3      | Reached XP level 4. HP: 21/29 MP: 6/8
  2891 | D:3      | Found a faded altar of an unknown god.
  2996 | D:3      | Reached XP level 5. HP: 34/34 MP: 7/9
  3529 | D:4      | Reached skill level 1 in Ice Magic
  4847 | D:4      | Noticed a small abomination
  4850 | D:4      | Found a transporter.
  4852 | D:4      | Found a transporter.
  4862 | D:4      | Found a staircase to the Ecumenical Temple.
  4892 | Temple   | Entered the Ecumenical Temple
  4993 | Temple   | Became a worshipper of Gozag Ym Sagoz the Greedy
  5314 | D:4      | Reached XP level 6. HP: 26/41 MP: 4/10
  5320 | D:4      | Learned a level 4 spell: Ice Form
  5456 | D:4      | Noticed RatsInWalls's ghost (amateur VSTm)
  5518 | D:4      | Noticed an ancient zyme
  5533 | D:4      | Found a one-way gate to the infinite horrors of the Abyss.
  5905 | D:5      | Entered Level 5 of the Dungeon
  6236 | D:5      | Found a glowing drain.
  6257 | Sewer    | Entered a sewer
  6696 | Sewer    | HP: 2/41 [river rat (5)]
  6697 | Sewer    | Reached XP level 7. HP: 2/45 MP: 12/12
  6697 | Sewer    | Slain by a river rat

Illustrated notes

Levels and vault maps discovered:
D:1:      ncdulo_watergridlock, layout_basic
D:2:      layout_loops_cross
D:3:      layout_loops_cross, shapermc_ecumenical_altar_petra,
          minmay_misc_feat_four_crosses, dk_noncrumbling_4,
          minmay_misc_feat_room, serial_park_tiny_pond
D:4:      layout_cave_pods, minmay_temple_entry_proselytizer,
          gammafunk_ghost_abyssal_escape
D:5:      layout_basic, gup_sewer_entry_glass
Temple:   dpeg_three_leaves_temple
Sewer:    sewer_fruit_machine

Skill      XL: |  1  2  3  4  5  6 |
---------------+-------------------+-----
Stealth        | 1 2 |  2.7
Poison Magic   | 1 2 |  2.0
Fighting       | 2 |  2.9
Ice Magic      | 1 |  1.6
Spellcasting   | 3 |  3.5
Transmutations | 3 |  3.4
Dodging        | |  2.8
Unarmed Combat | |  3.5

Action                   |  1- 3 |  4- 6 |  7- 9 || total
-------------------------+-------+-------+-------++-------
Melee: Unarmed           |    63 |   130 |     1 ||   194
       Kick              |    16 |    25 |       ||    41
       Tentacles         |    10 |    14 |       ||    24
       Constrict         |    21 |    21 |     1 ||    43
       Punch             |     1 |     2 |       ||     3
 Cast: Beastly Appendage |    25 |    21 |       ||    46
       Spider Form       |       |     9 |       ||     9
 Stab: Sleeping          |     8 |     6 |       ||    14
Armor: Skin              |     7 |     4 |       ||    11
Dodge: Dodged            |    43 |   152 |       ||   195
